 Dungeon Crawl Stone Soup version 0.31-a0-876-gfe8ebadbca (webtiles) character file.

Game seed: 4560239384132306115

711 croobank the Covert (level 7, -7/60 HPs)
             Began as a Gnoll Delver on Oct 14, 2023.
             Mangled by a gnoll
             ... wielding a +2 whip of electrocution
             ... led by a gnoll bouda
              (20 damage)
             ... on level 5 of the Dungeon.
             The game lasted 00:11:29 (4174 turns).

croobank the Covert (Gnoll Delver)                  Turns: 4174, Time: 00:11:29

Health: -7/60      AC:  6    Str: 18    XL:     7   Next: 68%
Magic:  11/11      EV: 13    Int: 11    God:
Gold:   204        SH:  6    Dex: 13    Spells: 11/11 levels left

rFire   + . .        l - +6 flail (venom)
rCold   . . .        s - +2 buckler
rNeg    . . .        b - +0 leather armour
rPois   .            q - +2 helmet
rElec   .            (no cloak)
rCorr   .            (no gloves)
SInv    .            (no boots)
Will    .....        (no amulet)
Stlth   ++++         d - +6 ring of strength
HPRegen 0.30/turn    z - ring of protection from fire
MPRegen 0.12/turn

%: no passive effects
@: mighty, weakened
A: fangs 1, strong nose, distributed training
a: no special abilities


You were on level 5 of the Dungeon.
You visited 1 branch of the dungeon, and saw 6 of its levels.

You collected 204 gold pieces.

Inventory:

Hand Weapons
 a - a +0 short sword
 j - a +2 scythe of distortion
 l - a +6 flail of venom (weapon)
 o - a +0 dagger of venom
 w - the +2 long sword "Qeewk" {venom, *Corrode Int+7 Dex+2}
   (You found it on level 3 of the Dungeon)

   Int+7:     It affects your intelligence (+7).
   Dex+2:     It affects your dexterity (+2).
   *Corrode:  It may corrode you when you take damage.
 x - a +1 long sword of holy wrath
 A - a +2 spear of venom
Missiles
 p - 2 darts of dispersal
Armour
 b - a +0 leather armour (worn)
 q - a +2 helmet (worn)
 s - a +2 buckler (worn)
Jewellery
 d - a +6 ring of strength (left hand)
 f - an amulet of faith
 z - a ring of protection from fire (right hand)
Talismans
 h - a serpent talisman
Wands
 g - a wand of digging (3)
Scrolls
 c - 3 scrolls of fog
 k - a scroll of vulnerability {unknown}
 m - a scroll of teleportation {unknown}
 n - a scroll of identify
 r - 2 scrolls of brand weapon {unknown}
 v - a scroll of poison {unknown}
 y - a scroll of enchant armour {unknown}
Potions
 e - 3 potions of might
 i - a potion of ambrosia {unknown}
 u - 2 potions of invisibility {unknown}


   Skills:
 + Level 7.1 Fighting
 + Level 5.3 Short Blades
 + Level 2.7 Long Blades
 + Level 2.7 Axes
 + Level 2.7 Maces & Flails
 + Level 2.7 Polearms
 + Level 2.7 Staves
 + Level 2.7 Ranged Weapons
 + Level 2.7 Throwing
 + Level 2.7 Armour
 + Level 5.3 Dodging
 + Level 10.0 Stealth
 + Level 2.7 Shields
 + Level 2.7 Unarmed Combat
 + Level 2.7 Spellcasting
 + Level 2.2 Conjurations
 + Level 2.2 Hexes
 + Level 2.2 Summonings
 + Level 2.2 Necromancy
 + Level 2.2 Translocations
 + Level 2.2 Transmutations
 + Level 2.2 Fire Magic
 + Level 2.2 Ice Magic
 + Level 2.2 Air Magic
 + Level 2.2 Earth Magic
 + Level 2.2 Poison Magic
 + Level 3.0 Invocations
 + Level 2.7 Evocations
 + Level 2.4 Shapeshifting


You had 11 spell levels left.
You didn't know any spells.
Your spell library contained the following spells:

 Spells                   Type           Power      Damage    Failure   Level
 Call Canine Familiar     Summ           6%         N/A       45%         3
 Ozocubu's Armour         Ice            6%         N/A       45%         3
 Sigil of Binding         Hex            6%         N/A       45%         3
 Summon Guardian Golem    Hex/Summ       6%         N/A       45%         3
 Dimensional Bullseye     Hex/Tloc       3%         N/A       86%         4
 Leda's Liquefaction      Hex/Erth       3%         N/A       86%         4
 Metabolic Englaciation   Hex/Ice        3%         N/A       99%         5
 Simulacrum               Ice/Necr       3%         N/A       100%        6
 Orb of Destruction       Conj           3%         9d5       100%        7
 Spellforged Servitor     Conj/Summ      3%         N/A       100%        7


Dungeon Overview and Level Annotations

Branches:
Dungeon (6/15)
 Temple: D:4-7

Altars:
Fedhas
Kikubaaqudgha
Sif Muna
Yredelemnul


Innate Abilities, Weirdness & Mutations

You have very sharp teeth.
Your uncanny sense of smell can sniff out nearby items.
Your experience applies equally to all skills.


Message History

You are confused.
The gnoll hits you from afar with a +3 halberd!!
The orc shouts!
The gnoll bouda prays to its god.
The gnoll bouda is healed somewhat.
The gnoll hits you with a +2 whip of electrocution.
The gnoll hits you from afar with a +3 halberd!
You hit the orc wizard.
The orc wizard is poisoned.
The orc wizard is moderately wounded.
The orc wizard hits you but does no damage.
The gnoll hits you with a +2 whip of electrocution.
The gnoll barely misses you.
The gnoll bouda utters an invocation to its god.
The gnoll bouda is healed somewhat.
The orc wizard hits you but does no damage.
You are too confused!
You feel very mighty all of a sudden. The gnoll barely misses you.
The gnoll misses you.
The gnoll bouda gazes fiercely through you!
You feel your attacks grow feeble. The gnoll bouda barely misses you.
The orc wizard gestures at you while chanting.
The magic dart hits you!
* * * LOW HITPOINT WARNING * * *
You closely miss the gnoll.
The gnoll hits you but does no damage. x2
The gnoll closely misses you.
The gnoll bouda utters an invocation to its god.
The gnoll bouda is healed somewhat.
The orc wizard hits you with a +0 dagger.
* * * LOW HITPOINT WARNING * * *
The gnoll closely misses you.
You're too confused to move!
You feel less confused. You block the gnoll's attack. The gnoll misses you.
The gnoll bouda closely misses you.
The orc wizard hits you but does no damage.
The gnoll hits you with a +2 whip of electrocution.
* * * LOW HITPOINT WARNING * * *
You are electrocuted!!
You die...

...............##.# #.
.........###.####.##
#..
#.........#####.#..#
..##...##.#............
#......##...........##
..#..(...#.#..#######.#
......g..##..# #.# ..
#.oog.....# #.# ...
#.@g.....# #.# #...
##.g.....######...
#...# #................
.....#####)............
#....#.)......#### .
##.......###..## .
#.....### ##†.# .
#..##..# ##.# . #.#
##.# #<## .


You could see a gnoll bouda (very poisoned), an orc wizard (very poisoned), 3
gnolls and an orc.

Vanquished Creatures
  Sigmund (D:3)
  Edmund (D:4)
  An ice beast (D:5)
  A phantom (D:4)
  An orc priest (D:4)
  A sleepcap (D:4)
  An orc wizard (D:4)
  Robin (D:3)
  5 gnolls
  4 adders
  3 worms
  A dart slug (D:1)
  7 orcs (D:4)
  A ball python (D:2)
  4 endoplasms
  2 giant cockroaches (D:2)
  15 goblins
  10 hobgoblins
  3 jackals (D:1)
  4 quokkas
  5 bats
  4 frilled lizards
  10 kobolds
  4 rats
90 creatures vanquished.

Notes
Turn   | Place    | Note
-------+----------+-------------------------------------------
     0 | D:5      | Reached skill level 9 in Stealth
     0 | D:5      | croobank the Gnoll Delver began the quest for the Orb.
     0 | D:5      | Reached XP level 1. HP: 23/23 MP: 1/1
    61 | D:6      | Reached XP level 2. HP: 28/29 MP: 2/2
   183 | D:6      | Noticed a wight
   570 | D:4      | Noticed Edmund
   592 | D:3      | Noticed Robin
   973 | D:1      | Reached XP level 3. HP: 32/35 MP: 3/3
  1133 | D:1      | Reached skill level 1 in Invocations
  1690 | D:2      | Reached skill level 1 in Long Blades
  1690 | D:2      | Reached skill level 1 in Axes
  1690 | D:2      | Reached skill level 1 in Maces & Flails
  1690 | D:2      | Reached skill level 1 in Polearms
  1690 | D:2      | Reached skill level 1 in Staves
  1690 | D:2      | Reached skill level 1 in Ranged Weapons
  1690 | D:2      | Reached skill level 1 in Throwing
  1690 | D:2      | Reached skill level 1 in Armour
  1690 | D:2      | Reached skill level 1 in Shields
  1690 | D:2      | Reached skill level 1 in Unarmed Combat
  1690 | D:2      | Reached skill level 1 in Spellcasting
  1690 | D:2      | Reached skill level 1 in Evocations
  1881 | D:2      | Reached XP level 4. HP: 41/41 MP: 5/5
  1902 | D:2      | Reached skill level 1 in Shapeshifting
  2191 | D:2      | Reached skill level 1 in Conjurations
  2191 | D:2      | Reached skill level 1 in Hexes
  2191 | D:2      | Reached skill level 1 in Summonings
  2191 | D:2      | Reached skill level 1 in Necromancy
  2191 | D:2      | Reached skill level 1 in Translocations
  2191 | D:2      | Reached skill level 1 in Transmutations
  2191 | D:2      | Reached skill level 1 in Fire Magic
  2191 | D:2      | Reached skill level 1 in Ice Magic
  2191 | D:2      | Reached skill level 1 in Air Magic
  2191 | D:2      | Reached skill level 1 in Earth Magic
  2191 | D:2      | Reached skill level 1 in Poison Magic
  2309 | D:3      | Found an ancient bone altar of Kikubaaqudgha.
  2335 | D:3      | Noticed Sigmund
  2346 | D:3      | Killed Sigmund
  2347 | D:3      | Reached XP level 5. HP: 47/47 MP: 5/7
  2347 | D:3      | Reached XP level 6. HP: 53/53 MP: 5/8
  2378 | D:3      | Found a blossoming altar of Fedhas.
  2429 | D:3      | Identified the +2 long sword "Qeewk" {venom, *Corrode Int+7
                  | Dex+2}
  2871 | D:3      | Killed Robin
  2880 | D:3      | Reached skill level 5 in Short Blades
  2880 | D:3      | Reached skill level 5 in Dodging
  3041 | D:4      | Found a basalt altar of Yredelemnul.
  3486 | D:4      | Reached XP level 7. HP: 56/60 MP: 10/10
  3658 | D:4      | Found a shimmering blue altar of Sif Muna.
  3704 | D:4      | Killed Edmund
  4140 | D:5      | Reached skill level 10 in Stealth
  4174 | D:5      | Mangled by a gnoll

Illustrated notes

Levels and vault maps discovered:
D:1:      scummos_arrival_star, layout_basic
D:2:      layout_basic
D:3:      layout_rooms, fedhas_altar_1, mainiacjoe_overflow_catwalk, uniq_robin,
          uniq_sigmund
D:4:      layout_basic, mainiacjoe_overflow_concentric_impassable,
          mainiacjoe_overflow_alcove_4, uniq_edmund
D:5:      layout_layer_cave, mainiacjoe_overflow_brackets,
          okawaru_ov_weapons_minmay, minmay_temple_entry_mini_moons,
          uniq_grinder, uniq_duvessa
D:6:      layout_basic, lemuel_round_altar

Skill      XL: |  1  2  3  4  5  6  7 |
---------------+----------------------+-----
Stealth        | 10 | 10.0
Invocations    | 1 2 3 |  3.0
Long Blades    | 1 2 |  2.7
Axes           | 1 2 |  2.7
Maces & Flails | 1 2 |  2.7
Polearms       | 1 2 |  2.7
Staves         | 1 2 |  2.7
Ranged Weapons | 1 2 |  2.7
Throwing       | 1 2 |  2.7
Armour         | 1 2 |  2.7
Shields        | 1 2 |  2.7
Unarmed Combat | 1 2 |  2.7
Spellcasting   | 1 2 |  2.7
Evocations     | 1 2 |  2.7
Shapeshifting  | 1 2 |  2.4
Conjurations   | 1 2 |  2.2
Hexes          | 1 2 |  2.2
Summonings     | 1 2 |  2.2
Necromancy     | 1 2 |  2.2
Translocations | 1 2 |  2.2
Transmutations | 1 2 |  2.2
Fire Magic     | 1 2 |  2.2
Ice Magic      | 1 2 |  2.2
Air Magic      | 1 2 |  2.2
Earth Magic    | 1 2 |  2.2
Poison Magic   | 1 2 |  2.2
Short Blades   | 5 |  5.3
Dodging        | 5 |  5.3
Fighting       | 7 |  7.1

Action                     |  1- 3 |  4- 6 |  7- 9 || total
---------------------------+-------+-------+-------++-------
  Melee: Short sword       |    72 |       |       ||    72
         Bite              |    10 |    13 |     4 ||    27
         Dagger            |    53 |    37 |       ||    90
         Long sword        |       |    76 |     8 ||    84
         Flail             |       |       |    19 ||    19
  Throw: Throwing net      |       |     3 |     1 ||     4
    Use: Potion            |     1 |     3 |     2 ||     6
         Scroll            |     2 |     4 |       ||     6
   Stab: Sleeping          |    10 |     2 |       ||    12
         Distracted        |       |     1 |       ||     1
         Held in net/web   |       |     1 |       ||     1
 Armour: Leather armour    |    54 |    68 |    20 ||   142
  Dodge: Dodged            |    87 |    76 |    24 ||   187
  Block: Buckler           |       |    39 |     9 ||    48

Table legend: (Time is in decaauts)
 A = Elapsed time spent in this place.
 B = Non-inter-level travel time spent in this place.
 C = Inter-level travel time spent in this place.
 D = Time resting spent in this place.
 E = Time spent auto-exploring this place.
 F = Levels seen in this place.
 G = Mean time per level.
                   A        B        C        D        E       F      G
               +--------+--------+--------+--------+--------+-----+--------+
         Total |   4139 |   3847 |    292 |   1167 |   1809 |   6 |  689.8 |
       Dungeon |   4139 |   3847 |    292 |   1167 |   1809 |   6 |  689.8 |
               +--------+--------+--------+--------+--------+-----+--------+

Top non-repeatable levels by time:
     D:1: 1184 daAuts
     D:4: 1134 daAuts
     D:2: 742 daAuts
     D:3: 494 daAuts
     D:5: 332 daAuts
     D:6: 250 daAuts
